 Dungeon Crawl Stone Soup version 0.17.2-1-ge4368a0 (webtiles) character file.

171 magog001 the Ruffian (level 5, 0/33 HPs)
             Began as a Gargoyle Monk on Oct 15, 2016.
             Was a Believer of Dithmenos.
             Slain by an orc priest
             ... wielding a +0 falchion
              (4 damage)
             ... on level 3 of the Dungeon.
             The game lasted 00:18:43 (2952 turns).

magog001 the Ruffian (Gargoyle Monk)                Turns: 2952, Time: 00:18:44

Health: 0/33       AC:  8    Str: 15    XL:     5   Next: 51%
Magic:  5/5        EV: 13    Int: 11    God:    Dithmenos [**....]
Gold:   151        SH:  0    Dex: 12    Spells: 0 memorised, 4 levels left

rFire  . . .     SeeInvis .       - Unarmed
rCold  . . .     Clarity  .     h - +0 robe
rNeg   + . .     SustAt   .     (no shield)
rPois  ∞         Gourm    .     (no helmet)
rElec  +         Spirit   .     g - +0 cloak
rCorr  .         Warding  .     t - +0 pair of gloves
rMut   .         Stasis   .     (no boots)
MR     .....                    (no amulet)
Stlth  +++.......               (no ring)
                                (no ring)

@: wreathed by umbra, not resistant to hostile enchantments, fairly stealthy
A: negative energy resistance 1, electricity resistance, unbreathing,
petrification resistance, rot immunity, AC +4
a: Shadow Step, Renounce Religion


You were on level 3 of the Dungeon.
You worshipped Dithmenos.
Dithmenos was pleased with you.
You were not hungry.

You visited 1 branch of the dungeon, and saw 3 of its levels.

You collected 151 gold pieces.

Inventory:

Missiles
 j - 12 arrows
 k - 60 poisoned needles
 n - 4 javelins (quivered)
 w - 3 exploding tomahawks
Armour
 g - a +0 cloak (worn)
 h - a +0 robe (worn)
 i - a +0 robe
 p - a +0 robe
 t - a +0 pair of gloves (worn)
Wands
 o - a wand of enslavement (10)
Scrolls
 e - a scroll of noise
 f - a scroll of amnesia
 l - a scroll of identify
 m - a scroll of blinking {unknown}
 q - 2 scrolls of remove curse
Potions
 d - a potion of flight
Comestibles
 a - a beef jerky
 b - a bread ration
 c - 2 meat rations


   Skills:
 * Level 4.1 Fighting
 * Level 3.8 Dodging
 * Level 3.3 Stealth
 * Level 4.4 Unarmed Combat


You had 4 spell levels left.
You didn't know any spells.

Dungeon Overview and Level Annotations

Branches:
Dungeon (3/15)

Altars:
Dithmenos
Sif Muna


Innate Abilities, Weirdness & Mutations

You are resistant to torment.
Your stone body is resilient (AC +4).
You are immune to poison.
You resist negative energy.
You are resistant to electric shocks.
You can survive without breathing.
You are immune to petrification.
You are immune to rotting.


Message History

The orc priest casts a cantrip, but nothing happens.
You punch the orc priest!
The orc priest is heavily wounded.
The orc priest barely misses you.
You hit the orc priest.
The orc priest is severely wounded.
The orc priest calls down the wrath of Beogh upon you.
Pain shoots through your body!
You barely miss the orc priest.
The orc priest is severely wounded.
The orc priest barely misses you.
You barely miss the orc priest.
The orc priest is heavily wounded.
The orc priest calls down the wrath of Beogh upon you.
Pain shoots through your body!
* * * LOW HITPOINT WARNING * * *
You barely miss the orc priest.
The orc priest is heavily wounded.
The orc priest hits you with a falchion.
You die...

#... .# #... #.# #...
#.# #... #.# . #...
#.# ######
...#...##.# #.....
..........# #.....
#..o@..# #.....
##.....#########.....
#...................
#....##########.....
#....#......###.....
#....#.##...........
#...>.(.....)....###
....#.#.##........###
....#.#(##........##.


You could see an orc priest.

Vanquished Creatures
  2 orc wizards (D:3)
  3 adders
  3 gnolls (D:3)
  An adder skeleton (D:3)
  2 giant geckos
  2 orcs (D:3)
  5 bats
  2 giant cockroaches (D:1)
  10 goblins
  3 hobgoblins
  10 jackals (D:1)
  4 giant newts
  6 kobolds
  3 rats
56 creatures vanquished.

Notes
Turn   | Place    | Note
--------------------------------------------------------------
     0 | D:1      | magog001 the Gargoyle Monk began the quest for the Orb.
     0 | D:1      | Reached XP level 1. HP: 14/14 MP: 1/1
   226 | D:1      | Reached XP level 2. HP: 14/19 MP: 2/2
   482 | D:1      | Reached XP level 3. HP: 21/23 MP: 3/3
   903 | D:2      | Found a deep blue altar of Sif Muna.
  1177 | D:2      | Reached XP level 4. HP: 26/29 MP: 4/4
  2206 | D:3      | Found a shadowy altar of Dithmenos.
  2236 | D:3      | Became a worshipper of Dithmenos the Shadowed
  2236 | D:3      | Reached * piety under Dithmenos
  2236 | D:3      | Reached ** piety under Dithmenos
  2564 | D:3      | Reached XP level 5. HP: 17/33 MP: 5/5
  2952 | D:3      | Slain by an orc priest

Action                   |  1- 3 |  4- 6 || total
-------------------------+-------+-------++-------
Melee: Unarmed           |   151 |   106 ||   257
  Use: Scroll            |       |     6 ||     6
       Potion            |       |     4 ||     4
 Stab: Sleeping          |     4 |     1 ||     5
  Eat: Chunk             |     1 |     3 ||     4
       Bread ration      |       |     1 ||     1
